 Dungeon Crawl Stone Soup version 0.14-a0-2881-g20de702 (webtiles) character file.

520 GeneKelly the Cudgeler (level 6, -6/44 HPs)
             Began as a Demonspawn Skald on Feb 28, 2014.
             Was an Initiate of Ashenzari.
             Mangled by a gnoll
             ... wielding a +0,+0 halberd
              (15 damage)
             ... on Level 3 of the Dungeon.
             The game lasted 00:14:40 (3543 turns).

GeneKelly the Cudgeler (Demonspawn Skald)           Turns: 3543, Time: 00:14:40

HP  -6/44        AC  7     Str 13      XL: 6   Next: 42%
MP   9/10        EV 10     Int 14      God: Ashenzari [......]
Gold 149         SH  0     Dex 10      Spells:  2 memorised,  5 levels left

rFire  . . .     SeeInvis .     a - +0 mace
rCold  . . .     Clarity  .     b - +0 leather armour
rNeg   . . .     Conserve .     (no shield)
rPois  .         rCorr    .     (no helmet)
rElec  .         rRot     .     (no cloak)
SustAb . .       Spirit   .     (no gloves)
rMut   .         Warding  .     (no boots)
Saprov . . .     Stasis   .     (no amulet)
MR     .....                    i - -2 ring of dexterity
                                (no ring)

@: not resistant to hostile enchantments, fairly stealthy
A: claws 1, rough black scales 1, demonic guardian 2
a: Renounce Religion


You were on level 3 of the Dungeon.
You worshipped Ashenzari.
Ashenzari was noncommittal.
You were hungry.

You visited 1 branch of the dungeon, and saw 3 of its levels.

You collected 149 gold pieces.

Inventory:

Hand weapons
 a - a +0,+0 mace (weapon)
 t - a +1,+0 scythe of venom
Armour
 b - a +0 leather armour (worn)
 o - a +0 shield
Comestibles
 d - a bread ration
 u - 2 pears
Scrolls
 e - 2 scrolls of enchant weapon I {unknown}
 h - 2 scrolls of remove curse
 j - a scroll of enchant weapon II {unknown}
 l - a scroll of blinking {unknown}
 m - a scroll of amnesia {unknown}
 r - a scroll of fog {unknown}
 s - a scroll of identify {unknown}
Jewellery
 i - a -2 ring of dexterity (right claw)
 k - an uncursed ring of invisibility
 p - an uncursed ring of teleportation
 q - an uncursed ring of fire
Potions
 f - a potion of brilliance
 g - a potion of restore abilities {unknown}
Books
 c - a book of Battle

   Spells                             Type                      Level
   *Infusion                          Charms                       1
   Shroud of Golubria                 Charms/Translocation         2
   Song of Slaying                    Charms                       2
   *Spectral Weapon                   Hexes/Charms                 3
   Regeneration                       Charms/Necromancy            3


   Skills:
 - Level 2.0 Fighting
 * Level 4.6 Maces & Flails
 - Level 0.8 Armour
 - Level 0.8 Dodging
 + Level 2.8 Stealth
 - Level 2.0 Spellcasting
 + Level 4.0 Charms


You had 5 spell levels left.
You knew the following spells:

 Your Spells              Type           Power        Failure   Level  Hunger
a - Infusion              Chrm           ##....       4%          1    ##.....
b - Spectral Weapon       Hex/Chrm       #.......     30%         3    ####...


Dungeon Overview and Level Annotations

Branches:
Dungeon (3/16)

Altars:
Ashenzari
Trog


Innate Abilities, Weirdness & Mutations

You have sharp fingernails.
You are partially covered in rough black scales (AC +4, Dex -1).
A demonic guardian rushes to your aid.


Message History

You are feeling hungry.
You closely miss the gnoll.
Your spectral weapon hits the gnoll.
The gnoll closely misses you.
The gnoll throws a stone.
The stone hits you!
You barely miss the gnoll.
The gnoll is heavily wounded.
Your spectral weapon fades away.
The gnoll hits you with a halberd.
* * * LOW HITPOINT WARNING * * *
You hit the gnoll.
The gnoll is almost dead.
The gnoll closely misses you.
The gnoll throws a stone.
The stone misses you.
You barely miss the gnoll.
The gnoll is almost dead.
The gnoll barely misses you.
You hit the gnoll.
The gnoll is almost dead.
The gnoll barely misses you. The gnoll closely misses you.
The gnoll closely misses you.
The gnoll hits you from afar with a halberd!
You die...

.#....#.........## #...
......#...#.....# #...
#####.#####...### #...
#........## #... #####....#
###############... ###.##
#...>...........g. #.#
#[.........####### #.#
#.gg...(...####### #.#
#@.g.............# ###### #.#
#.#######)######.# .....#
#.####.#### #.# #.#
.....######.##......# #.# #.#
.......%............# #.# ###%#
.....######.##...)..# #.# #....
...(.# #.####.#### #<# #....
.....######.####.#######.####....
##)..............................


You could see 3 gnolls.

Vanquished Creatures
  Grinder (D:3)
  2 gnolls
  An inept feature mimic (D:3)
  6 adders
  A giant gecko (D:1)
  7 orcs (D:3)
  A ball python (D:3)
  A giant cockroach (D:1)
  11 goblins
  6 hobgoblins
  A jackal (D:3)
  2 quokkas
  6 bats
  3 giant newts
  2 kobolds
  10 rats
61 creatures vanquished.

Vanquished Creatures (collateral kills)
  Sigmund (D:3)
  A giant cockroach (D:3)
  A jackal (D:3)
3 creatures vanquished.

Vanquished Creatures (others)
  A quasit (D:3)
  A white imp (D:3)
  An ufetubus (D:3)
3 creatures vanquished.

Grand Total: 67 creatures vanquished

Notes
Turn   | Place    | Note
--------------------------------------------------------------
     0 | D:1      | GeneKelly, the Demonspawn Skald, began the quest for the Orb.
     0 | D:1      | Reached XP level 1. HP: 16/16 MP: 3/3
    44 | D:1      | Gained mutation: A weak demonic guardian rushes to your aid. [demonic ancestry]
    44 | D:1      | Reached XP level 2. HP: 1/22 MP: 0/4
   373 | D:1      | Reached skill level 1 in Stealth
   585 | D:1      | Reached skill level 3 in Charms
  1068 | D:1      | Gained mutation: You have sharp fingernails. [demonic ancestry]
  1068 | D:1      | Reached XP level 3. HP: 27/27 MP: 6/6
  2276 | D:3      | Gained mutation: You are partially covered in rough black scales (AC +4, Dex -1). [demonic ancestry]
  2276 | D:3      | Reached XP level 4. HP: 18/33 MP: 7/7
  2399 | D:3      | Noticed Grinder
  2418 | D:3      | Paralysed by Grinder for 3 turns
  2440 | D:3      | Killed Grinder
  2440 | D:3      | Reached skill level 4 in Maces & Flails
  2440 | D:3      | Reached XP level 5. HP: 19/38 MP: 9/9
  2785 | D:3      | Found a shattered altar of Ashenzari.
  2815 | D:3      | Noticed Sigmund
  2835 | D:3      | Killed Sigmund
  2835 | D:3      | Gained mutation: A demonic guardian rushes to your aid. [demonic ancestry]
  2835 | D:3      | Reached XP level 6. HP: 44/44 MP: 10/10
  2917 | D:3      | HP: 1/44 [orc/flail (7)]
  2988 | D:3      | Became a worshipper of Ashenzari the Shackled
  2999 | D:3      | Learned a level 3 spell: Spectral Weapon
  3435 | D:3      | Found a bloodstained altar of Trog.
  3485 | D:3      | HP: 1/44 [gnoll/halberd (7)]
  3543 | D:3      | Mangled by a gnoll

Action                   |  1- 3 |  4- 6 || total
-------------------------+-------+-------++-------
Melee: Mace              |   151 |   172 ||   323
 Cast: Infusion          |     2 |       ||     2
       Spectral Weapon   |       |     1 ||     1
  Use: Potion            |       |     6 ||     6
       Scroll            |       |     1 ||     1
 Stab: Sleeping          |     1 |       ||     1
       Distracted        |       |     2 ||     2
